 Dungeon Crawl Stone Soup version 0.29.1-15-g9cfb28693d (webtiles) character file.

Game seed: 10922478328052027968

277 Hoivenmaven the Chiller (level 6, -1/41 HPs)
             Began as a Barachi Ice Elementalist on Mar 12, 2023.
             Slain by Duvessa
             ... wielding a +0 short sword
              (10 damage)
             ... on level 3 of the Dungeon.
             The game lasted 00:12:18 (3430 turns).

Hoivenmaven the Chiller (Barachi Ice Elementalist)  Turns: 3430, Time: 00:12:19

Health: -1/41      AC:  9    Str: 10    XL:     6   Next: 25%
Magic:  7/18       EV: 16    Int: 17    God:
Gold:   201        SH:  0    Dex: 12    Spells: 2/9 levels left

rFire   . . .      SeeInvis .   i - +5 dagger
rCold   . . .      Faith    .   (no shield)
rNeg    . . .      Spirit   .   a - +0 robe
rPois   .          Reflect  .   (no helmet)
rElec   .          Harm     .   (no cloak)
rCorr   .          Rampage  .   (no gloves)
Will    .....                   (no boots)
Stlth   ++........              (no amulet)
HPRegen 0.13/turn               e - ring of magical power
MPRegen 0.16/turn               r - +4 ring of evasion

@: ice-armoured, freezing walls, slow
A: amphibious, slowness 1, strong legs 1, +LOS
a: Hop


You were on level 3 of the Dungeon.
You visited 1 branch of the dungeon, and saw 4 of its levels.

You collected 201 gold pieces.

Inventory:

Hand Weapons
 i - a +5 dagger (weapon)
Armour
 a - a +0 robe (worn)
Magical Staves
 s - a staff of air
Jewellery
 e - a ring of magical power (left hand)
 r - a +4 ring of evasion (right hand)
Scrolls
 c - a scroll of summoning {unknown}
 d - a scroll of fog {unknown}
 h - a scroll of enchant weapon {unknown}
 j - 3 scrolls of identify {unknown}
 k - a scroll of acquirement {unknown}
 m - 2 scrolls of teleportation {unknown}
 n - a scroll of enchant armour {unknown}
 o - a scroll of vulnerability {unknown}
 p - a scroll of noise {unknown}
 t - a scroll of brand weapon {unknown}
Potions
 b - 3 potions of magic
 f - a potion of haste {unknown}
 g - a potion of curing
 l - a potion of might {unknown}


   Skills:
 * Level 3.3 Short Blades
 + Level 0.2 Throwing
 - Level 2.1 Dodging
 - Level 1.7 Stealth
 - Level 2.1 Spellcasting
 - Level 7.8 Ice Magic


You had 2 spell levels left.
You knew the following spells:

 Your Spells              Type           Power      Damage    Failure   Level
a - Freeze                Ice            100%       1d11      1%          1
b - Ozocubu's Armour      Ice            28%        N/A       2%          3
c - Frozen Ramparts       Ice            56%        1d9       2%          3

Your spell library contained the following spells:

 Spells                   Type           Power      Damage    Failure   Level
 Hailstorm                Conj/Ice       15%        3d5       36%         4
 Conjure Flame            Conj/Fire      1%         6-21      50%         3
 Ignite Poison            Fire/Tmut/Pois 1%         N/A       50%         3
 Sticky Flame             Conj/Fire      1%         2d3       88%         4


Dungeon Overview and Level Annotations

Branches:
Dungeon (4/15)
 Temple: D:4-7

Altars:
Hepliaklqana

Annotations:
D:3 Duvessa
D:4 Pikel


Innate Abilities, Weirdness & Mutations

You are amphibious.
You cover ground slowly.
You can hop short distances.
You have an extended range of vision and can be seen from far away.


Message History

Duvessa hits you with a +0 short sword.
Unknown command.
You hit Duvessa.
Duvessa is moderately wounded.
The wall freezes Duvessa.
Duvessa barely misses you.
The wall freezes Dowan.
Dowan hits you but does no damage.
You hit Duvessa but do no damage.
Duvessa is moderately wounded.
A ball python comes into view.
The wall freezes Duvessa but does no damage.
Duvessa closely misses you.
The wall freezes Dowan!
You kill Dowan!
Duvessa screams, "No!
How DARE you!"
Duvessa goes berserk!
Your Short Blades skill increases to level 3!
Your icy armour and frozen ramparts will break if you move.
Continue?
The ball python hisses angrily.
The wall freezes Duvessa.
Duvessa hits you with a +0 short sword!
The frozen ramparts melt away.
You climb upwards.
Your icy armour cracks and falls away as you move.
There is a stone staircase leading down here.
Casting: Ozocubu's Armour (dangerous; 2% risk of failure)
Confirm with . or Enter, or press ? or * to list all spells.
Casting: Frozen Ramparts (dangerous; 2% risk of failure)
Press: ? - help, Dir - look around, f - activate A stone staircase leading down.
The walls around you are covered in ice.
The wall freezes Duvessa.
Duvessa hits you with a +0 short sword!
* * * LOW HITPOINT WARNING * * *
The wall freezes Duvessa.
Duvessa barely misses you.
Casting: Frozen Ramparts (dangerous; 2% risk of failure)
Confirm with . or Enter, or press ? or * to list all spells.
A film of ice covers your body!
The wall freezes Duvessa.
Duvessa hits you with a +0 short sword!
* * * LOW HITPOINT WARNING * * *
Unknown command.
You feel better.
The wall freezes Duvessa but does no damage.
Duvessa hits you with a +0 short sword!
You die...

..............# #####
...#.#........# #...#
..<....####'### #.#.#
.....######.#####.#.#
##.#.#......##....#.#
.)........#.##.####.#
.#.....####.........#
........######.#.####
................@####
##.........##....e.<#
#..###........#.####
#..# #........#.#
#..# #........#.#
##..###.....#+##.#
............')##.#
...###......####.#
...# #....#.# #.#


You could see Duvessa (berserk).

Vanquished Creatures
  Dowan (D:4)
  A hound (D:4)
  An orc priest (D:3)
  An iguana (D:3)
  4 gnolls (D:3)
  3 adders
  2 worms
  A dart slug (D:2)
  3 orcs (D:3)
  8 ball pythons
  5 bats
  8 endoplasms
  3 giant cockroaches
  3 hobgoblins
  2 quokkas
  5 frilled lizards
  9 goblins
  6 kobolds
  8 rats
74 creatures vanquished.

Notes
Turn   | Place    | Note
-------+----------+-------------------------------------------
     0 | D:1      | Hoivenmaven the Barachi Ice Elementalist began the quest
                  | for the Orb.
     0 | D:1      | Reached XP level 1. HP: 13/13 MP: 3/3
    38 | D:1      | Reached skill level 5 in Ice Magic
   406 | D:1      | Reached XP level 2. HP: 19/19 MP: 5/5
   479 | D:1      | Found a faded altar of an unknown god.
   886 | D:1      | Reached XP level 3. HP: 24/24 MP: 6/6
   890 | D:1      | Learned a level 3 spell: Ozocubu's Armour
  1473 | D:2      | Reached skill level 6 in Ice Magic
  1748 | D:2      | Reached skill level 1 in Short Blades
  1921 | D:2      | Reached XP level 4. HP: 30/30 MP: 7/7
  1925 | D:2      | Learned a level 3 spell: Frozen Ramparts
  2330 | D:3      | Reached skill level 7 in Ice Magic
  2414 | D:3      | Found a hazy altar of Hepliaklqana.
  2623 | D:3      | Reached XP level 5. HP: 35/35 MP: 8/8
  3271 | D:4      | Reached XP level 6. HP: 41/41 MP: 9/9
  3302 | D:4      | Noticed Pikel
  3302 | D:4      | Noticed a black bear
  3395 | D:4      | Noticed Dowan
  3398 | D:4      | Noticed Duvessa
  3425 | D:4      | Killed Dowan
  3429 | D:3      | HP: 1/41 [Duvessa/+0 short sword (8)]
  3430 | D:3      | Slain by Duvessa

Illustrated notes

Levels and vault maps discovered:
D:1:      scummos_arrival_star, layout_basic,
          shapermc_ecumenical_altar_acropolis, serial_bayou_pond_d,
          nicolae_wormholes
D:2:      cheibrodos_helix_gallery, layout_rooms, hangedman_decor_push,
          serial_bayou_pond_e
D:3:      layout_basic, mainiacjoe_overflow_catwalk
D:4:      layout_cave_pools, zin_treasury, mainiacjoe_overflow_six_doors_small,
          uniq_duvessa, uniq_pikel

Skill      XL: |  1  2  3  4  5  6 |
---------------+-------------------+-----
Ice Magic      | 5 6 7 |  7.8
Short Blades   | 1 2 3 |  3.3
Throwing       | |  0.2
Dodging        | |  2.1
Stealth        | |  1.7
Spellcasting   | |  2.1

Action                   |  1- 3 |  4- 6 || total
-------------------------+-------+-------++-------
Melee: Dagger            |    29 |    30 ||    59
       Unarmed           |     4 |       ||     4
Throw: Dart              |       |     4 ||     4
 Cast: Freeze            |    45 |    23 ||    68
       Ozocubu's Armour  |     3 |    11 ||    14
       Frozen Ramparts   |       |    10 ||    10
  Use: Potion            |       |     1 ||     1
 Stab: Sleeping          |     4 |     3 ||     7
Armor: Robe              |    18 |     5 ||    23
Dodge: Dodged            |    32 |    33 ||    65
